 Dungeon Crawl Stone Soup version 0.29.1-12-g30fa7ad0bf (webtiles) character file.

Game seed: 10114851550285506382

536 BigDaddyOpFi the Trooper (level 7, 0/58 HPs)
             Began as a Palentonga Fighter on Jan 17, 2023.
             Slain by Pikel
             ... wielding a +2 whip of flaming
              (1 damage)
             ... on level 4 of the Dungeon.
             The game lasted 00:05:19 (5966 turns).

BigDaddyOpFi the Trooper (Palentonga Fighter)       Turns: 5966, Time: 00:05:20

Health: 0/58       AC: 17    Str: 22 (24) XL:     7   Next: 4%
Magic:  7/7        EV:  4    Int:  7 (8)  God:
Gold:   145        SH:  4    Dex:  6 (9)  Spells: 6/6 levels left

rFire   . . .      SeeInvis +   a - +0 war axe
rCold   . . .      Faith    .   c - +0 buckler
rNeg    . . .      Spirit   .   g - +1 plate armour
rPois   .          Reflect  .   (no helmet)
rElec   .          Harm     .   (no cloak)
rCorr   .          Rampage  .   (no gloves)
Will    .....                   (no barding)
Stlth   ..........              (no amulet)
HPRegen 0.19/turn               (no ring)
MPRegen 0.10/turn               (no ring)

@: curled up
A: large, rugged brown scales 3, see invisible, deformed body, roll 1, armoured
tail, reflexive curl
a: Rolling Charge


You were on level 4 of the Dungeon.
You visited 1 branch of the dungeon, and saw 4 of its levels.

You collected 145 gold pieces.

Inventory:

Hand Weapons
 a - a +0 war axe (weapon)
Missiles
 b - 2 throwing nets
Armour
 c - a +0 buckler (worn)
 g - a +1 plate armour (worn)
Scrolls
 e - 7 scrolls of identify
 h - a scroll of amnesia


   Skills:
 + Level 4.7 Fighting
 + Level 4.1 Axes
 + Level 3.9 Armour
 + Level 4.3 Shields


You had 6 spell levels left.
You didn't know any spells.
Your spell library contained the following spells:

 Spells                   Type           Power      Damage    Failure   Level
 Magic Dart               Conj           0%         1d3       100%        1
 Call Imp                 Summ           0%         N/A       100%        2
 Ensorcelled Hibernation  Hex/Ice        0%         N/A       100%        2
 Passwall                 Tmut/Erth      0%         N/A       100%        2
 Mephitic Cloud           Conj/Pois/Air  0%         N/A       100%        3
 Portal Projectile        Hex/Tloc       0%         N/A       100%        3
 Swiftness                Air            0%         N/A       100%        3
 Tukima's Dance           Hex            0%         N/A       100%        3
 Blade Hands              Tmut           0%         N/A       100%        5


Dungeon Overview and Level Annotations

Branches:
Dungeon (4/15)
 Temple: D:4-7

Altars:
Cheibriados
Qazlal
Wu Jian

Shops:
D:2 *

Annotations:
D:3 1 transporter, retardedninja's ghost, amateur MiFi
D:4 Pikel


Innate Abilities, Weirdness & Mutations

You are completely covered in rugged brown scales. (AC +3, +7% HP)
You have supernaturally acute eyesight. (SInv)
Armour fits poorly on your strangely shaped body.
You can roll at nearby foes to attack.
You have a long armoured tail.
You curl defensively after being hit. (AC +7*)


Message History

Pikel is moderately wounded.
Pikel hits you with a +2 whip of flaming.
Pikel burns you.
You hit Pikel but do no damage.
Your tail-slap misses Pikel.
Pikel is moderately wounded.
Pikel says, "You'll rust in Dis!"
You block Pikel's attack.
Pikel hits you with a +2 whip of flaming!
Pikel burns you.
You are too injured to fight recklessly!
You are too injured to fight recklessly!
You are too injured to fight recklessly!
Pikel attacks as you move away!
Pikel hits you with a +2 whip of flaming.
Pikel burns you. Pikel attacks as you move away! Pikel barely misses you.
Pikel says, "Asmodeus and me are pals.
He gave me this whip."
You aren't carrying any potions.
Okay, then.
Pikel attacks as you move away!
Pikel hits you with a +2 whip of flaming.
Pikel burns you.
* * * LOW HITPOINT WARNING * * *
Pikel attacks as you move away!
Pikel hits you with a +2 whip of flaming!
* * * LOW HITPOINT WARNING * * *
Pikel burns you.
* * * LOW HITPOINT WARNING * * *
Pikel attacks as you move away! You block Pikel's attack.
Pikel attacks as you move away! Pikel hits you but does no damage.
Pikel attacks as you move away!
Pikel hits you with a +2 whip of flaming.
* * * LOW HITPOINT WARNING * * *
Pikel burns you.
* * * LOW HITPOINT WARNING * * *
Pikel attacks as you move away!
Pikel hits you with a +2 whip of flaming.
* * * LOW HITPOINT WARNING * * *
Pikel burns you.
You die...

.## #..#
#....##.......## # ##
##.###.######.....##
#.....# ##...##
###.### ##'## #####
#.# #.# ....# #.#
##### #.# ###.# #.#
##...###.## .##.#
#.###.....#...####
.##.#
#...@K555........#
'##.#
#####.....#...##.####
.##.#
##...###.###.....
_##.# ##### #.#
###### ⌠#### #.# ##
#5# #.# #.# #.#


You could see Pikel and 3 lemures.

Vanquished Creatures
  Sigmund (D:2)
  A lemure (D:4)
  A gnoll bouda (D:4)
  A hound (D:4)
  2 iguanas (D:4)
  Robin (D:4)
  7 gnolls
  7 adders
  2 ufetubi (D:4)
  2 dart slugs (D:1)
  An orc (D:3)
  5 bats
  4 endoplasms
  7 giant cockroaches
  14 goblins
  14 hobgoblins
  2 jackals (D:4)
  6 quokkas
  7 ball pythons
  4 frilled lizards
  12 kobolds
  7 rats
108 creatures vanquished.

Vanquished Creatures (others)
  8 plants
8 creatures vanquished.

Grand Total: 116 creatures vanquished

Notes
Turn   | Place    | Note
-------+----------+-------------------------------------------
     0 | D:1      | BigDaddyOpFi the Palentonga Fighter began the quest for the
                  | Orb.
     0 | D:1      | Reached XP level 1. HP: 19/19 MP: 1/1
    54 | D:1      | Found a faded altar of an unknown god.
   467 | D:1      | Reached XP level 2. HP: 25/25 MP: 2/2
   992 | D:1      | Reached XP level 3. HP: 31/31 MP: 3/3
  1461 | D:2      | Found Peit's Assorted Antiques.
  1662 | D:2      | Noticed Sigmund
  1672 | D:2      | Killed Sigmund
  1673 | D:2      | Reached XP level 4. HP: 11/39 MP: 4/4
  1673 | D:2      | Reached XP level 5. HP: 13/44 MP: 5/5
  2127 | D:3      | Found a stormy altar of Qazlal.
  2258 | D:3      | Reached XP level 6. HP: 51/51 MP: 6/6
  2292 | D:3      | Found a transporter.
  2338 | D:3      | Noticed retardedninja's ghost (amateur MiFi)
  2344 | D:3      | Found a transporter.
  3954 | D:4      | Noticed Robin
  3978 | D:4      | Killed Robin
  4190 | D:4      | Found an ornate altar of the Wu Jian Council.
  4190 | D:4      | Found a snail-covered altar of Cheibriados.
  4998 | D:4      | Noticed Pikel
  5916 | D:4      | Gained mutation: You curl defensively after being hit. (AC
                  | +7*) [Palentonga growth]
  5916 | D:4      | Reached XP level 7. HP: 58/58 MP: 7/7
  5966 | D:4      | HP: 1/58 [Pikel/+2 whip of flaming (6)]
  5966 | D:4      | Slain by Pikel

Illustrated notes

Levels and vault maps discovered:
D:1:      amcnicky_arrival_gap_in_the_tavern_cellar, layout_loops_corners,
          dreamdust_ecumenical_altar_grove, minmay_misc_feat_plants,
          minmay_3d_cube
D:2:      layout_rooms, serial_shops, shop, uniq_sigmund
D:3:      layout_loops_corners, lemuel_crystal_altar,
          gammafunk_ghost_gnarly_gnolls
D:4:      layout_loops_corners, gammafunk_temple_overflow_wave,
          gup_sewer_entry_pipe, nicolae_grassy_gnolls, uniq_pikel, uniq_robin

Skill      XL: |  1  2  3  4  5  6 |
---------------+-------------------+-----
Shields        | 3 4 |  4.3
Fighting       | 4 |  4.7
Axes           | 3 4 |  4.1
Armour         | 3 |  3.9

Action                   |  1- 3 |  4- 6 |  7- 9 || total
-------------------------+-------+-------+-------++-------
Melee: War axe           |   117 |   222 |     3 ||   342
       Tailslap          |     9 |    21 |     1 ||    31
 Abil: Rolling Charge    |     7 |       |       ||     7
  Use: Potion            |     1 |     4 |       ||     5
       Scroll            |       |    10 |       ||    10
Armor: Scale mail        |    74 |     3 |       ||    77
       Chain mail        |       |    20 |       ||    20
       Plate armour      |       |   150 |     1 ||   151
Dodge: Dodged            |    49 |    42 |     1 ||    92
Block: Buckler           |    24 |    57 |     2 ||    83
